 Dungeon Crawl Stone Soup version 0.19.1 (webtiles) character file.

802 sveltemanboy the Poker (level 7, -3/48 HPs)
             Began as a Merfolk Ice Elementalist on Dec 3, 2016.
             Was a Follower of Okawaru.
             Succumbed to kobold's curare-tipped needle
             ... on level 5 of the Dungeon.
             The game lasted 00:17:14 (5706 turns).

sveltemanboy the Poker (Merfolk Ice Elementalist)   Turns: 5706, Time: 00:17:15

Health: -3/48      AC:  6    Str: 10    XL:     7   Next: 91%
Magic:  10/10      EV: 13    Int: 18    God:    Okawaru [*.....]
Gold:   345        SH:  0    Dex: 14    Spells: 3 memorised, 4 levels left

rFire  . . .     SeeInvis .     I - +2 spear (flame)
rCold  . . .     Gourm    .     a - +0 robe
rNeg   . . .     Faith    .     (no shield)
rPois  .         Spirit   .     (no helmet)
rElec  .         Reflect  .     y - +2 cloak
rCorr  .         Harm     .     (no gloves)
MR     +....                    H - +0 pair of boots
Stlth  ++........               (no amulet)
                                l - +3 ring of intelligence
                                d - ring of protection from magic

@: lethally poisoned (-3 -> -39), slowed, very slow
A: change form in water, swift swim, stealthy swim
a: Heroism, Renounce Religion


You were on level 5 of the Dungeon.
You worshipped Okawaru.
Okawaru was aware of your devotion.
You were very hungry.

You visited 1 branch of the dungeon, and saw 5 of its levels.

You collected 345 gold pieces.

Inventory:

Hand Weapons
 I - a +2 spear of flaming (weapon)
Armour
 a - a +0 robe (worn)
 y - a +2 cloak (worn)
 H - a +0 pair of boots (worn)
Jewellery
 d - a ring of protection from magic (left hand)
 l - a +3 ring of intelligence (right hand)
Wands
 n - a wand of paralysis (12/24)
 x - a wand of disintegration (18/24)
 D - a wand of slowing (41/48)
Scrolls
 f - a scroll of fog {unknown}
 h - 3 scrolls of identify
 j - 5 scrolls of teleportation {unknown}
 k - 3 scrolls of amnesia {unknown}
 m - 2 scrolls of magic mapping {unknown}
 r - a scroll of remove curse {unknown}
 u - 2 scrolls of blinking {unknown}
 C - 2 scrolls of enchant weapon {unknown}
 E - a scroll of immolation {unknown}
 G - a scroll of enchant armour {unknown}
Potions
 e - 2 potions of brilliance
 g - 2 potions of mutation
 o - 2 potions of haste
 p - a potion of cancellation
 t - a potion of berserk rage
 A - a potion of agility
 B - 2 potions of lignification
Books
 b - a book of Frost

   Spells                             Type                      Level
   a - Freeze                         Ice                          1
   b - Throw Frost                    Conjuration/Ice              2
   c - Ozocubu's Armour               Charms/Ice                   3
   d - Throw Icicle                   Conjuration/Ice              4
   e - Summon Ice Beast               Ice/Summoning                4
Comestibles
 c - 4 bread rations
 i - a slice of pizza
 s - 6 fruits
 v - 2 meat rations
 z - 3 beef jerkies


   Skills:
 - Level 1.5 Fighting
 + Level 7.2 Polearms
 - Level 3.0 Dodging
 - Level 2.1 Stealth
 - Level 2.0 Spellcasting
 - Level 1.0 Conjurations
 - Level 2.0 Charms
 + Level 6.1 Ice Magic
 + Level 3.8 Invocations


You had 4 spell levels left.
You knew the following spells:

 Your Spells              Type           Power        Failure   Level  Hunger
a - Freeze                Ice            ###.         1%          1    #......
b - Throw Frost           Conj/Ice       ##....       8%          2    ###....
c - Ozocubu's Armour      Chrm/Ice       ###.....     12%         3    ###....


Dungeon Overview and Level Annotations

Branches:
Dungeon (5/15)
 Temple: D:4-7

Altars:
Dithmenos
Fedhas
Nemelex Xobeh
Okawaru
Ru

Shops:
D:5 :

Annotations:
D:5 Pikel


Message History

You feel much better.
You feel very sick.
The kobold shoots a curare-tipped needle.
The curare-tipped needle hits you.
You are more poisoned.
You have difficulty breathing.
You feel as though you will be slow longer.
* * * LOW HITPOINT WARNING * * *
You feel very sick.
The kobold shoots a curare-tipped needle.
The curare-tipped needle closely misses you.
* * * LOW HITPOINT WARNING * * *
You feel very sick.
You see here a kobold corpse.
* * * LOW HITPOINT WARNING * * *
You feel very sick. The kobold barely misses you.
You see here a curare-tipped needle.
Okay, then.
You die...

##########......#
.................
#####....#......#
.........†.......
#####......#.#### #
#........♣### .... #
#.......)(♣.### ....
#........♣)♣♣P## .....
#......###P)@PP# ♣♣.....
#......# #♣.P(.♣#♣KP.....
#####..#####.PK♣..P......
#....####.♣K♣........
#....♣P###..((...†...
#.....P# ##P.K...†§§.
#..####♣ ###♣....§§. ####
#..# ♣....†. ...#
#..##### ......


You could see 3 kobolds.

Vanquished Creatures
  Grinder (D:5)
  An ogre (D:5)
  A phantom (D:4)
  A big kobold (D:5)
  A hound (D:4)
  An orc priest (D:3)
  An iguana (D:5)
  3 worker ants
  10 adders
  2 oozes (D:2)
  3 worms
  3 dart slugs
  5 leopard geckos
  2 orcs (D:3)
  5 giant cockroaches
  9 goblins
  10 hobgoblins
  2 jackals (D:2)
  22 kobolds
  3 quokkas
  2 ball pythons
  7 bats
  7 frilled lizards
  A leopard gecko zombie (D:5)
  10 rats
113 creatures vanquished.

Vanquished Creatures (others)
  A plant (D:5)
1 creature vanquished.

Grand Total: 114 creatures vanquished

Notes
Turn   | Place    | Note
-------+----------+-------------------------------------------
     0 | D:1      | sveltemanboy the Merfolk Ice Elementalist began the quest for the Orb.
     0 | D:1      | Reached XP level 1. HP: 13/13 MP: 3/3
   308 | D:1      | Reached XP level 2. HP: 20/20 MP: 3/5
   407 | D:1      | Learned a level 2 spell: Throw Frost
   417 | D:1      | Reached skill level 1 in Fighting
   851 | D:1      | Reached XP level 3. HP: 22/26 MP: 1/6
   903 | D:1      | Learned a level 3 spell: Ozocubu's Armour
  1098 | D:1      | Reached skill level 1 in Polearms
  1308 | D:2      | Found a faded altar of an unknown god.
  1318 | D:2      | Reached skill level 1 in Conjurations
  1617 | D:2      | Reached XP level 4. HP: 32/32 MP: 1/7
  1730 | D:2      | Reached skill level 2 in Polearms
  1766 | D:2      | Found a shadowy altar of Dithmenos.
  1784 | D:2      | Found an iron altar of Okawaru.
  1785 | D:2      | Found a sacrificial altar of Ru.
  2433 | D:2      | Reached skill level 3 in Polearms
  2464 | D:2      | Reached skill level 1 in Charms
  2581 | D:2      | Reached XP level 5. HP: 37/37 MP: 1/8
  2781 | D:2      | Became a worshipper of Warmaster Okawaru
  3247 | D:3      | Reached skill level 4 in Polearms
  4037 | D:4      | Found a sparkling altar of Nemelex Xobeh.
  4059 | D:4      | Reached XP level 6. HP: 43/43 MP: 4/9
  4219 | D:4      | Reached skill level 5 in Polearms
  4549 | D:4      | Noticed a phantom
  4595 | D:4      | Killed a phantom
  4595 | D:4      | Reached skill level 5 in Ice Magic
  4595 | D:4      | Reached skill level 1 in Invocations
  5080 | D:5      | Entered Level 5 of the Dungeon
  5089 | D:5      | Found Xulitt's Book Shoppe.
  5136 | D:5      | Noticed Grinder
  5171 | D:5      | Killed Grinder
  5171 | D:5      | Reached * piety under Okawaru
  5171 | D:5      | Reached skill level 6 in Polearms
  5171 | D:5      | Reached XP level 7. HP: 26/48 MP: 1/10
  5273 | D:5      | Noticed Pikel
  5341 | D:5      | Found a blossoming altar of Fedhas.
  5457 | D:5      | Reached skill level 7 in Polearms
  5701 | D:5      | HP: 2/48 [asphyx]
  5706 | D:5      | Succumbed to kobold's curare-tipped needle

Skill      XL: |  1  2  3  4  5  6  7 |
---------------+----------------------+-----
Dodging        | 3 |  3.0
Fighting       | 1 |  1.5
Polearms       | 1 3 4 6 7 |  7.2
Conjurations   | 1 |  1.0
Ice Magic      | 4 5 6 |  6.1
Charms         | 1 2 |  2.0
Invocations    | 2 3 |  3.8
Stealth        | |  2.1
Spellcasting   | |  2.0

Action                   |  1- 3 |  4- 6 |  7- 9 || total
-------------------------+-------+-------+-------++-------
Melee: Unarmed           |     3 |       |       ||     3
       Spear             |    37 |   133 |    73 ||   243
 Cast: Freeze            |    22 |    11 |       ||    33
       Throw Frost       |    23 |    66 |     7 ||    96
       Ozocubu's Armour  |       |     3 |     2 ||     5
  Use: Scroll            |       |     6 |     1 ||     7
       Potion            |       |       |     2 ||     2
 Stab: Sleeping          |       |     4 |       ||     4
  Eat: Chunk             |     5 |    16 |     2 ||    23
Armor: Robe              |     5 |    24 |    14 ||    43
Dodge: Dodged            |    20 |    44 |    29 ||    93
